 Dungeon Crawl Stone Soup version 0.30-a0-719-gcc4359ea44 (webtiles) character file.

Game seed: 8595675790836583645

142 drugrobin the Insei (level 4, -2/37 HPs)
             Began as a Demigod Delver on Jan 26, 2023.
             Killed by divine providence
             ... invoked by an orc priest
              (14 damage)
             ... on level 4 of the Dungeon.
             The game lasted 00:08:52 (3195 turns).

drugrobin the Insei (Demigod Delver)                Turns: 3195, Time: 00:08:53

Health: -2/37      AC:  9    Str: 13    XL:     4   Next: 74%
Magic:  6/6        EV:  9    Int: 12    God:
Gold:   132        SH:  0    Dex: 19    Spells: 3/3 levels left

rFire   + . .      SeeInvis .      - Unarmed
rCold   . . .      Faith    .    (no shield)
rNeg    . . .      Spirit   .    C - +0 scale mail
rPois   .          Reflect  .    u - +0 helmet
rElec   .          Harm     .    (no cloak)
rCorr   .          Rampage  .    w - +0 pair of gloves
Will    .....                    D - +0 pair of boots
Stlth   ++                       (no amulet)
HPRegen 0.26/turn                k - ring of protection from fire
MPRegen 0.10/turn                (no ring)

@: no status effects
A: high MP 1, forlorn, divine attributes
a: no special abilities


You were on level 4 of the Dungeon.
You visited 1 branch of the dungeon, and saw 5 of its levels.

You collected 132 gold pieces.

Inventory:

Hand Weapons
 b - a +0 dagger of draining
 y - a +2 whip of electrocution
Missiles
 c - 6 boomerangs
 d - 12 poisoned darts (quivered)
Armour
 a - a +0 leather armour
 m - a +0 ring mail
 u - a +0 helmet (worn)
 w - a +0 pair of gloves (worn)
 C - a +0 scale mail (worn)
 D - a +0 pair of boots (worn)
Jewellery
 k - a ring of protection from fire (left hand)
Wands
 f - a wand of digging (2)
Scrolls
 g - 2 scrolls of vulnerability {unknown}
 h - 2 scrolls of identify {unknown}
 i - a scroll of acquirement {unknown}
 j - a scroll of noise {unknown}
 l - a scroll of fog
 n - 4 scrolls of teleportation {unknown}
 t - 2 scrolls of torment {unknown}
 v - a scroll of amnesia {unknown}
 B - 2 scrolls of magic mapping
Potions
 e - a potion of haste
 o - 2 potions of heal wounds {unknown}
 p - 3 potions of mutation {unknown}
 q - a potion of brilliance {unknown}
 r - 2 potions of curing {unknown}
 s - 2 potions of resistance {unknown}
 x - 2 potions of ambrosia {unknown}
 z - a potion of lignification {unknown}
 A - 2 potions of invisibility {unknown}
 E - a potion of attraction {unknown}


   Skills:
 - Level 2.6 Fighting
 - Level 1.7 Dodging
 - Level 4.5 Stealth
 + Level 4.8 Unarmed Combat


You had 3 spell levels left.
You didn't know any spells.
Your spell library contained the following spells:

 Spells                   Type           Power      Damage    Failure   Level
 Apportation              Tloc           0%         N/A       86%         1
 Alistair's Intoxication  Tmut/Pois      0%         N/A       100%        5


Dungeon Overview and Level Annotations

Branches:
Dungeon (5/15)             Temple (0/1) D:5

Shops:
D:1 (   D:5 *

Annotations:
D:4 1 transporter
D:5 exclusions: 2 iguanas, ogre, scorpion and shadow imp


Innate Abilities, Weirdness & Mutations

You have an increased reservoir of magic. (+10% MP)
You shall have no god before yourself.
Your divine heritage dramatically boosts your attributes as you level up.


Message History

The orc priest hits you but does no damage.
Unknown command.
Unknown command.
You hit the orc priest.
The orc priest is severely wounded.
Unknown command.
Unknown command.
Attack: -) Nothing wielded
Press: ? - help, Dir - move target, f - orc priest
Aim: an orc priest, wielding a +0 dagger and wearing a +0 scale mail (severely wounded, about 32% to evade your hands)
Okay, then.
You hit the orc priest but do no damage.
The orc priest is severely wounded.
The orc priest hits you but does no damage.
Unknown command.
Unknown command.
You closely miss the orc priest.
The orc priest is severely wounded.
The orc priest hits you but does no damage.
Unknown command.
You barely miss the orc priest.
The orc priest is severely wounded.
The orc priest hits you with a +0 dagger.
* * * LOW HITPOINT WARNING * * *
Unknown command.
Unknown command.
You hit the orc priest.
The orc priest is almost dead.
The orc priest barely misses you.
You barely miss the orc priest.
The orc priest is almost dead.
The orc priest looks braver for a moment.
You hit the orc priest but do no damage.
The orc priest is almost dead.
The orc priest hits you but does no damage.
You hit the orc priest but do no damage.
The orc priest is almost dead.
The orc priest calls down the wrath of Beogh upon you.
Beogh smites you!
You die...

*,,,,*,* *,*,* *,*#.##+#######
*,,,,*,* #(#,* #.##'##......#
*,,^,*,* #.#,* #........###.#
,,,,,*,* #.#,###**#........# #.#
*,****,* #.#,#.............# #.#
*,,,,,,* #.#,#.#####.......# #.#
******** #.#.#..,,.....##### #.#
** #.#.#.###############.#
###*######<#...o@))............#
#..##..l...###.#################*
#©..#.#######....#,,,*,,,,,,,,,,,
#.....# #....#.#.#,*,,,,,,*******
#####.###....#.#.#,*,,,,,,*
#.......#....#.#,#,*,,,,,,*
#.###...'....+.#,,,*,*+**** *,*
##.##....###****,*,* *,*
#.##........,,,,*,****


You could see an orc priest.

Vanquished Creatures
  Natasha (D:4)
  4 adders
  A dart slug (D:3)
  4 orcs
  4 ball pythons
  3 bats
  14 endoplasms
  3 giant cockroaches
  3 goblins
  12 hobgoblins
  3 kobolds
  3 quokkas
  3 frilled lizards
  7 rats
65 creatures vanquished.

Notes
Turn   | Place    | Note
-------+----------+-------------------------------------------
     0 | D:5      | drugrobin the Demigod Delver began the quest for the Orb.
     0 | D:5      | Reached XP level 1. HP: 18/18 MP: 3/3
    26 | D:5      | Found Sekuceod's Gadget Gallery.
    45 | D:5      | Noticed a scorpion
    81 | D:5      | Noticed an iguana
   168 | D:5      | Noticed an iguana
   216 | D:5      | Found a staircase to the Ecumenical Temple.
   218 | D:5      | Noticed an ogre
   242 | D:5      | Reached XP level 2. HP: 18/25 MP: 4/4
  1024 | D:2      | Reached XP level 3. HP: 30/30 MP: 5/5
  1304 | D:1      | Found Ycewagih's Antique Weapon Shop.
  1784 | D:2      | Reached XP level 4. HP: 37/37 MP: 6/6
  2922 | D:4      | Found a transporter.
  2992 | D:4      | Noticed Natasha
  3008 | D:4      | Killed Natasha
  3195 | D:4      | Killed from afar by an orc priest

Illustrated notes

Levels and vault maps discovered:
D:1:      scummos_arrival_simple_crosswalls, layout_basic,
          hellmonk_ecumenical_altar_zigzags, serial_shops, nicolae_shop_stone
D:2:      layout_loops_corners, minmay_cut_off
D:3:      layout_loops_corners
D:4:      gammafunk_cloud_chamber, layout_basic, grunt_decor_cap, uniq_grinder,
          uniq_natasha
D:5:      layout_loops_cross, minmay_temple_entry_junction_2,
          nicolae_shop_gadgets

Skill      XL: |  1  2  3 |
---------------+----------+-----
Unarmed Combat | 2 3 4 |  4.8
Fighting       | |  2.6
Dodging        | |  1.7
Stealth        | |  4.5

Action                     |  1- 3 |  4- 6 || total
---------------------------+-------+-------++-------
  Melee: Unarmed           |    32 |    61 ||    93
         Dagger            |    85 |    27 ||   112
         Punch             |     3 |       ||     3
  Throw: Stone             |     1 |       ||     1
         Dart              |       |     2 ||     2
  Evoke: Wand              |     1 |       ||     1
    Use: Scroll            |     2 |       ||     2
   Stab: Sleeping          |    13 |     4 ||    17
 Armour: Leather armour    |    16 |       ||    16
         Ring mail         |    12 |     2 ||    14
         Scale mail        |       |    32 ||    32
  Dodge: Dodged            |    46 |    35 ||    81

Table legend: (Time is in decaauts)
 A = Elapsed time spent in this place.
 B = Non-inter-level travel time spent in this place.
 C = Inter-level travel time spent in this place.
 D = Time resting spent in this place.
 E = Time spent auto-exploring this place.
 F = Levels seen in this place.
 G = Mean time per level.
                   A        B        C        D        E       F      G
               +--------+--------+--------+--------+--------+-----+--------+
         Total |   3186 |   3007 |    179 |    196 |   1938 |   5 |  637.2 |
       Dungeon |   3186 |   3007 |    179 |    196 |   1938 |   5 |  637.2 |
               +--------+--------+--------+--------+--------+-----+--------+

Top non-repeatable levels by time:
     D:3: 1001 daAuts
     D:2: 917 daAuts
     D:1: 705 daAuts
     D:5: 384 daAuts
     D:4: 177 daAuts
